 Dungeon Crawl Stone Soup version 0.32-a0-427-g448f42529f (webtiles) character file.

Game seed: 1507542592024063140

8976 Amplified the Unflinching (level 11, 0/102 HPs)
             Began as a Mountain Dwarf Wanderer on Feb 22, 2024.
             Was a Believer of the Shining One.
             Succumbed to Erica's bolt of poison
             ... on level 9 of the Dungeon.
             The game lasted 00:14:09 (12719 turns).

Amplified the Unflinching (MDWn)                   Turns: 12719, Time: 00:14:09

Health: 0/102      AC: 12    Str: 20    XL:     11   Next: 17%
Magic:  17/20      EV:  5    Int: 12    God:    the Shining One [**....]
Gold:   540        SH: 11    Dex:  9    Spells: 11/12 levels left

rFire   . . .        x - +2 morningstar (holy)
rCold   . . .        o - orb {light}
rNeg    + . .        e - +1 plate armour
rPois   .            (no helmet)
rElec   .            s - +0 cloak
rCorr   .            (no gloves)
SInv    .            (no boots)
Will    +....        n - amulet of faith Stlth
                     A - ring of wizardry
HPRegen 0.37/turn    (no ring)
MPRegen 0.17/turn

%: faith, wizardry (x1)
@: lethally poisoned (0 -> -8), divinely shielded, glowing
A: runic magic, artefact enchanting
a: Renounce Religion, Divine Shield


You were on level 9 of the Dungeon.
You worshipped the Shining One.
The Shining One was pleased with you.
You visited 2 branches of the dungeon, and saw 12 of its levels.

You collected 540 gold pieces.

Inventory:

Hand Weapons
 x - a +2 morningstar of holy wrath (weapon)
Missiles
 w - 2 curare-tipped darts (quivered)
Armour
 b - a +0 scale mail
 e - a +1 plate armour (worn)
 o - an orb of light (worn)
 s - a +0 cloak (worn)
Jewellery
 m - an amulet of the acrobat
 n - an amulet of faith (around neck)
 A - a ring of wizardry (left hand)
 B - an amulet of magic regeneration
Wands
 a - a wand of iceblast (3)
 u - a wand of flame (4)
Scrolls
 c - 2 scrolls of vulnerability
 d - a scroll of torment
 g - 3 scrolls of fear
 j - 4 scrolls of enchant armour
 k - a scroll of revelation
 r - a scroll of noise
 y - a scroll of immolation
Potions
 h - a potion of mutation
 l - a potion of attraction
 t - 2 potions of invisibility
 v - a potion of magic


   Skills:
 * Level 11.4 Fighting
 - Level 1.7 Long Blades
 * Level 11.2 Maces & Flails
 - Level 1.0 Throwing
 - Level 1.1 Armour
 - Level 1.0 Dodging
 - Level 1.0 Spellcasting
 - Level 1.7 Air Magic
 * Level 13.3 Invocations


You had 11 spell levels left.
You knew the following spells:

 Your Spells              Type           Power      Damage    Failure   Level
a - Shock                 Conj/Air       8%         1d3       21%         1

Your spell library contained the following spells:

 Spells                   Type           Power      Damage    Failure   Level
 Magic Dart               Conj           0%         1d3       28%         1
 Jinxbite                 Hex            0%         N/A       38%         2
 Searing Ray              Conj           0%         2d4       38%         2
 Swiftness                Air            4%         N/A       38%         3
 Dazzling Flash           Conj/Hex       0%         N/A       61%         3
 Inner Flame              Hex/Fire       0%         N/A       61%         3
 Volatile Blastmotes      Fire/Tloc      0%         2d10      61%         3
 Airstrike                Air            2%         2d(1-17)  77%         4
 Vhi's Electric Charge    Tloc/Air       4%         N/A       87%         4
 Anguish                  Hex/Necr       0%         N/A       94%         4
 Fulminant Prism          Conj/Alch      0%         3d5       94%         4
 Iskenderun's Mystic Bla  Conj/Tloc      0%         2d3       94%         4
 Irradiate                Conj/Alch      0%         3d11      100%        5
 Yara's Violent Unravell  Hex/Alch       0%         3d3       100%        5
 Starburst                Conj/Fire      0%         6d3       100%        6
 Enfeeble                 Hex            0%         N/A       100%        7
 Ignition                 Fire           0%         3d3       100%        8
 Maxwell's Capacitive Co  Air            2%         ∞         100%        8


Dungeon Overview and Level Annotations

Branches:
Dungeon (11/15)            Temple (1/1) D:5            Lair (0/5) D:11
    Orc: D:9-12

Altars:
Ashenzari
Cheibriados
Dithmenos
Elyvilon
Fedhas
Gozag
Hepliaklqana
Kikubaaqudgha
Makhleb
Nemelex Xobeh
Okawaru
Qazlal
Ru
Sif Muna
Trog
Uskayaw
Vehumet
Wu Jian
Xom
Yredelemnul
Zin
The Shining One

Shops:
D:1 (   D:3 (   D:4 (

Annotations:
D:8 2 transporters, HourglassMan's ghost, novice NaCj
D:9 Erica
D:10 3 runed translucent doors, sunet's ghost, journeyman MiFi


Innate Abilities, Weirdness & Mutations

Your spellcasting is much less encumbered by armour.
You can use scrolls of enchantment on lesser artefacts.


Message History

You impale the water moccasin!!
You kill the water moccasin!
You feel very sick.
You feel very sick.
Erica stares at you and mumbles some strange words.
The bolt of poison hits you!
You are more poisoned.
You see here a water moccasin corpse.
* * * LOW HITPOINT WARNING * * *
You feel extremely sick.
Erica stares at you and mumbles some strange words.
You resist with some effort.
You see here a +0 robe.
* * * LOW HITPOINT WARNING * * *
You feel extremely sick.
Your surroundings suddenly seem different.
* * * LOW HITPOINT WARNING * * *
You feel very sick.
Okay, then.
Okay, then.
Okay, then.
Okay, then.
Okay, then.
Okay, then.
Okay, then.
Okay, then.
Okay, then.
As you read the scroll of teleportation, it crumbles to dust.
You feel strangely unstable.
* * * LOW HITPOINT WARNING * * *
You feel very sick.
Okay, then.
A divine shield forms around you!
* * * LOW HITPOINT WARNING * * *
You feel very sick.
Unknown command.
* * * LOW HITPOINT WARNING * * *
You feel very sick.
Your surroundings suddenly seem different.
You die...

...........# #..#
#..###...#
...........# #.(#
#..# #...#
...........####..#
#..# #...#
................)#
#..# #...#
.......<...#####>#
#..# #...#
...........# #.#
#..# #...#
>..........# #.#
#..# #...#
...........# #.#
#..# #...#
...[.......# #@#
#..# #...#
...........# #.#
#..# #...#
...........#
#.#####..# #...###
.....[.....#
#........# #......
###........#
#........# #......
#........#
#.####...###..####
#........# #.#
#........#
#.#####..# #.#
#........# #.#
#..# #.#
#........#


There were no monsters in sight!

Vanquished Creatures
  Harold (D:9)
  3 two-headed ogres
  Pikel (D:6)
  Jeremiah (D:9)
  A komodo dragon (D:10)
  Grinder (D:6)
  A troll (D:9)
  A wraith (D:10)
  6 yaks (D:10)
  A wyvern (D:9)
  5 vampire mosquitoes
  2 water moccasins
  Duvessa (D:6)
  2 orc warriors
  3 black bears
  A sky beast (D:6)
  7 centaurs
  2 ogres
  2 lemures (D:6)
  A phantom (D:6)
  3 kobold brigands
  Blork the orc (D:4)
  A gnoll sergeant (D:11)
  4 bullfrogs
  Dowan (D:6)
  3 electric eels (D:10)
  2 howler monkeys
  A bombardier beetle (D:4)
  4 orc priests
  2 jellies
  6 iguanas
  10 orc wizards
  4 gnolls (D:11)
  6 adders
  2 white imps
  6 ribbon worms
  4 dart slugs
  32 orcs
  13 ball pythons
  16 endoplasms
  3 giant cockroaches
  10 goblins
  6 hobgoblins
  3 jackals (D:2)
  6 quokkas
  8 bats
  3 frilled lizards
  17 kobolds
  5 rats
225 creatures vanquished.

Notes
Turn   | Place    | Note
-------+----------+-------------------------------------------
     0 | D:1      | Amplified the Mountain Dwarf Wanderer began the quest for
                  | the Orb.
     0 | D:1      | Amplified set off with the following items: a +0 falchion,
                  | a +0 scale mail, a scroll of vulnerability; and the
                  | following spell memorised: Shock; and the following spells
                  | available to memorise: Swiftness, Vhi's Electric Charge.
     0 | D:1      | Reached XP level 1. HP: 16/16 MP: 2/2
   114 | D:1      | Reached skill level 2 in Invocations
   132 | D:1      | Reached XP level 2. HP: 15/24 MP: 3/3
   480 | D:1      | Reached XP level 3. HP: 29/29 MP: 4/4
   662 | D:1      | Reached skill level 3 in Invocations
   994 | D:1      | Found Xobo's Weapon Shoppe.
  1212 | D:1      | Reached XP level 4. HP: 37/37 MP: 6/6
  1672 | D:2      | Got the Octavo of the Fairies
  1756 | D:2      | Reached skill level 4 in Invocations
  1883 | D:2      | Found a faded altar of an unknown god.
  2250 | D:3      | Found Doukatac's Weapon Shop.
  2387 | D:3      | Reached XP level 5. HP: 45/45 MP: 8/8
  2574 | D:3      | Found a broken altar of Ashenzari.
  2991 | D:4      | Reached skill level 5 in Invocations
  3038 | D:4      | Found Xunox's Antique Weapon Boutique.
  3320 | D:4      | Reached XP level 6. HP: 45/53 MP: 8/10
  3325 | D:4      | Reached skill level 1 in Maces & Flails
  4073 | D:4      | Found a bloodstained altar of Trog.
  4163 | D:5      | Entered Level 5 of the Dungeon
  4264 | D:5      | Reached skill level 5 in Fighting
  4264 | D:5      | Reached skill level 6 in Invocations
  4283 | D:5      | Found a staircase to the Ecumenical Temple.
  4325 | D:5      | Noticed Blork the orc
  4365 | D:4      | Killed Blork the orc
  4366 | D:4      | Reached XP level 7. HP: 38/61 MP: 11/11
  4867 | Temple   | Entered the Ecumenical Temple
  4878 | Temple   | Became a worshipper of the Shining One
  5128 | D:6      | Reached skill level 7 in Invocations
  5232 | D:6      | Reached XP level 8. HP: 16/71 MP: 13/13
  5580 | D:6      | Noticed Pikel
  5595 | D:6      | Killed Pikel
  5596 | D:6      | Reached skill level 5 in Maces & Flails
  5596 | D:6      | Reached skill level 8 in Invocations
  5793 | D:6      | Found a sacrificial altar of Ru.
  5874 | D:6      | Noticed Duvessa
  5874 | D:6      | Noticed Dowan
  5892 | D:6      | Killed Dowan
  5898 | D:6      | Killed Duvessa
  5899 | D:6      | Reached skill level 9 in Invocations
  6183 | D:6      | Noticed Grinder
  6186 | D:6      | Paralysed by Grinder for 3 turns
  6196 | D:6      | Killed Grinder
  6197 | D:6      | Reached XP level 9. HP: 81/81 MP: 15/15
  6198 | D:6      | Reached * piety under the Shining One
  7210 | D:7      | Reached skill level 10 in Invocations
  7963 | D:8      | Noticed a toenail golem
  7964 | D:8      | Found a transporter.
  8890 | D:8      | Found a transporter.
  8986 | D:8      | Noticed HourglassMan's ghost (novice NaCj)
  9012 | D:8      | Found a shadowy altar of Dithmenos.
  9089 | D:8      | Noticed a green ugly thing
  9478 | D:9      | Noticed Harold
  9478 | D:9      | Reached ** piety under the Shining One
  9485 | D:9      | Noticed Jeremiah
  9492 | D:9      | Killed Harold
  9493 | D:9      | Reached skill level 11 in Invocations
  9493 | D:9      | Reached XP level 10. HP: 38/91 MP: 18/18
  9497 | D:10     | Entered Level 10 of the Dungeon
  9676 | D:10     | Noticed a two-headed ogre
  9688 | D:10     | Killed a two-headed ogre
  9970 | D:10     | Reached skill level 10 in Fighting
 10021 | D:10     | Found a glowing silver altar of Zin.
 10124 | D:10     | Found a runed translucent gate.
 10124 | D:10     | Found a runed translucent gate.
 10124 | D:10     | Found a runed translucent gate.
 10125 | D:10     | Noticed sunet's ghost (journeyman MiFi)
 10192 | D:10     | Noticed a two-headed ogre
 10203 | D:10     | Killed a two-headed ogre
 10204 | D:10     | Reached skill level 12 in Invocations
 10218 | D:10     | Reached skill level 10 in Maces & Flails
 11529 | D:11     | Found a staircase to the Lair.
 11534 | D:11     | Noticed a boulder beetle
 12010 | D:9      | Killed Jeremiah
 12011 | D:9      | Reached skill level 13 in Invocations
 12011 | D:9      | Reached XP level 11. HP: 99/102 MP: 20/20
 12221 | D:9      | Noticed a two-headed ogre
 12231 | D:9      | Killed a two-headed ogre
 12369 | D:9      | Noticed Erica
 12717 | D:9      | HP: 4/102 [poisoned by Erica (bolt of poison)]
 12719 | D:9      | Succumbed to Erica's bolt of poison

Illustrated notes

Levels and vault maps discovered:
D:1:      evilmike_arrival_crescent, layout_loops_corners, serial_shops,
          nicolae_shop_bloodbath_and_beyond, minmay_hexomino_c4
D:2:      layout_rooms, shapermc_ecumenical_altar_mp_urbaneastern,
          minmay_ruptured
D:3:      layout_loops_ring, marbit_many_paths, serial_shops,
          nicolae_shop_tiny_real_fake_doors, nicolae_wormholes
D:4:      layout_rooms, mainiacjoe_overflow_24_doors, serial_shops,
          nicolae_shop_trees
D:5:      layout_cave_pools, temple_fountains, uniq_blork_the_orc
D:6:      layout_basic, kennysheep_little_box, minmay_diced_spiral,
          uniq_duvessa, uniq_grinder, uniq_pikel
D:7:      layout_loops_corners
D:8:      layout_layer_cave, lemuel_doored_altar, gammafunk_ghost_abyssal_escape
D:9:      layout_long_grid, uniq_jeremiah, uniq_harold, uniq_erica
D:10:     layout_basic, zin_academy, ebering_ghost_rock_garden
D:11:     old_forge, layout_cave_pools
Temple:   nicolae_temple_bog_church

Skill      XL: |  1  2  3  4  5  6  7  8  9 10 11 |
---------------+----------------------------------+-----
Invocations    | 2 3 4 5 6 7 9 11 13 | 13.3
Fighting       | 2 3 4 5 6 7 9 11 | 11.4
Maces & Flails | 2 4 6 9 10 11 | 11.2
Long Blades    | |  1.7
Throwing       | |  1.0
Armour         | |  1.1
Dodging        | |  1.0
Spellcasting   | |  1.0
Air Magic      | |  1.7

Action                     |  1- 3 |  4- 6 |  7- 9 | 10-12 || total
---------------------------+-------+-------+-------+-------++-------
  Melee: Falchion          |   146 |     8 |       |       ||   154
         Dagger            |       |   215 |       |       ||   215
         Flail             |       |    83 |    48 |       ||   131
         Morningstar       |       |       |   178 |   159 ||   337
  Throw: Throwing net      |       |       |       |     3 ||     3
         Dart              |       |       |       |     5 ||     5
 Invoke: Divine Shield     |       |       |     1 |     8 ||     9
  Evoke: Wand              |       |     1 |    14 |    18 ||    33
    Use: Potion            |     1 |     5 |     5 |     5 ||    16
         Scroll            |     4 |     8 |     3 |     9 ||    24
   Stab: Paralysed         |       |     2 |       |       ||     2
 Armour: Scale mail        |    54 |       |       |       ||    54
         Plate armour      |    56 |   322 |   328 |   211 ||   917
  Dodge: Dodged            |    71 |    75 |    85 |    49 ||   280

Table legend: (Time is in decaauts)
 A = Elapsed time spent in this place.
 B = Non-inter-level travel time spent in this place.
 C = Inter-level travel time spent in this place.
 D = Time resting spent in this place.
 E = Time spent auto-exploring this place.
 F = Levels seen in this place.
 G = Mean time per level.
                   A        B        C        D        E       F      G
               +--------+--------+--------+--------+--------+-----+--------+
         Total |  12806 |  12376 |    430 |   1393 |   8918 |  12 | 1067.2 |
       Dungeon |  12782 |  12363 |    419 |   1393 |   8918 |  11 | 1162.0 |
        Temple |     24 |     13 |     11 |      0 |      0 |   1 |   24.0 |
               +--------+--------+--------+--------+--------+-----+--------+

Top non-repeatable levels by time:
    D:10: 2283 daAuts
     D:6: 1683 daAuts
     D:8: 1429 daAuts
     D:4: 1293 daAuts
     D:1: 1286 daAuts
     D:7: 1209 daAuts
     D:3: 930 daAuts
     D:9: 875 daAuts
     D:5: 849 daAuts
     D:2: 786 daAuts
    D:11: 155 daAuts
  Temple: 24 daAuts
